cohdb
Replays
Latest Replays
All Replays
Popular Replays
Top Player Replays
Match Explorer
How It Works
Community
CoH3 Stats
Reddit
Sign in to upload your games and track your stats! →
Sign in with Steam
Match 42625031
Unlisted
Match 42625031
Overview
Messages
Build Orders
End
Royal Engineer Section
Construct Section Command Post
Dingo Light Scout Car
Infantry Section
Infantry Section
Construct Platoon Command Post
Humber Armored Car
Vickers Machine Gun Team
Selects Canadian Shock Battlegroup
Selects Attacking Spirit
Selects Canadian Shock Section
Canadian Shock Section
Construct Company Command Post
Crusader II Medium Tank
Selects Incendiary Munitions
Selects Pyrotechnics
Crusader II Medium Tank
Construct Field Infirmary
Canadian Shock Section
Infantry Training
Selects Churchill Crocodile Heavy Tank
Grenade Package
Vlavius
Alexem
Trion
PoteRush
0
0
Comments
sign in to comment!
No comments posted yet!